 Dungeon Crawl Stone Soup version 0.32-a0-818-gb728d0252e (webtiles) character file.

Game seed: 17423710671126498070

482 porpoise the Shooter (level 7, -2/56 HPs)
             Began as a Barachi Hunter on Mar 24, 2024.
             Slain by an orc warrior
             ... wielding a +1 vampiric hand axe
              (12 damage)
             ... on level 5 of the Dungeon.
             The game lasted 00:09:01 (2535 turns).

porpoise the Shooter (Barachi Hunter)               Turns: 2535, Time: 00:09:03

Health: -2/56      AC:  8    Str: 12    XL:     7   Next: 12%
Magic:  7/7        EV: 10    Int:  9    God:
Gold:   265        SH:  0    Dex: 18    Spells: 6/6 levels left

rFire   . . .        a - +1 shortbow
rCold   . . .        (shield currently unavailable)
rNeg    . . .        C - +0 ring mail
rPois   .            (no helmet)
rElec   .            q - +2 cloak
rCorr   .            (no gloves)
SInv    .            (no boots)
Will    .....        (no amulet)
Stlth   +            (no ring)
HPRegen 0.29/turn    (no ring)
MPRegen 0.10/turn

%: no passive effects
@: slow
A: amphibious, slowness 1, strong legs 1, +LOS
a: Hop


You were on level 5 of the Dungeon.
You visited 1 branch of the dungeon, and saw 5 of its levels.

You collected 265 gold pieces.

Inventory:

Hand Weapons
 a - a +1 shortbow (weapon)
 e - a +0 short sword
Missiles
 m - 12 poisoned darts
 s - 5 javelins
Armour
 c - a +0 leather armour
 q - a +2 cloak (worn)
 w - the +4 ring mail of Scuffed Contentment {rC+ Will- Int+2 Dex+2}
   (You found it on level 4 of the Dungeon)

   Int+2:     It affects your intelligence (+2).
   Dex+2:     It affects your dexterity (+2).
   rC+:       It protects you from cold.
   Will-:     It decreases your willpower.
 C - a +0 ring mail (worn)
Jewellery
 o - a +6 ring of dexterity
 x - a ring of flight
Wands
 A - a wand of flame (20)
Scrolls
 b - a scroll of butterflies
 d - a scroll of enchant armour
 j - 2 scrolls of fog
 v - a scroll of brand weapon {unknown}
 y - a scroll of blinking {unknown}
 z - a scroll of poison {unknown}
Potions
 g - 4 potions of might
 h - 2 potions of heal wounds
 i - 2 potions of resistance
 k - a potion of degeneration {unknown}
 p - 2 potions of curing
 t - a potion of ambrosia {unknown}
 u - a potion of mutation {unknown}


   Skills:
 + Level 5.5 Fighting
 * Level 7.1 Ranged Weapons
 - Level 2.1 Dodging
 - Level 0.8 Stealth


You had 6 spell levels left.
You didn't know any spells.
Your spell library contained the following spells:

 Spells                   Type           Power      Damage    Failure   Level
 Scorch                   Fire           0%         2d5       80%         2
 Tukima's Dance           Hex            0%         N/A       95%         3
 Cause Fear               Hex            0%         N/A       100%        4
 Enfeeble                 Hex            0%         N/A       100%        7


Dungeon Overview and Level Annotations

Branches:
Dungeon (5/15)
 Temple: D:4-7

Altars:

Annotations:
D:3 1 runed translucent door, HilariousDeathArtist's ghost, amateur TrRe


Innate Abilities, Weirdness & Mutations

You are amphibious.
You cover ground slowly.
You can hop short distances.
You have an extended range of vision and can be seen from far away.


Message History

You shoot an arrow.
The arrow hits the orc warrior but does no damage.
The orc warrior hits you with a +1 vampiric hand axe.
Fire: a) +1 shortbow
Press: ? - help, Q - select action, (/) - cycle Shift-Dir - straight line, f/p - orc warrior
Aim: an orc warrior, wielding a +1 vampiric hand axe and wearing a +0 plate armour (67% to hit)
You shoot an arrow. The arrow hits the orc warrior.
The orc warrior is lightly wounded.
The orc warrior hits you but does no damage.
Fire: a) +1 shortbow
Press: ? - help, Q - select action, (/) - cycle Shift-Dir - straight line, f/p - orc warrior
Aim: an orc warrior, wielding a +1 vampiric hand axe and wearing a +0 plate armour (lightly wounded, 67% to hit)
You shoot an arrow.
The arrow barely misses the orc warrior.
The orc warrior hits you with a +1 vampiric hand axe.
The orc warrior draws strength from your wounds!
The orc warrior hits you with a +1 vampiric hand axe.
The orc warrior draws strength from your wounds!
Fire: a) +1 shortbow
Press: ? - help, Q - select action, (/) - cycle Shift-Dir - straight line, f/p - orc warrior
Aim: an orc warrior, wielding a +1 vampiric hand axe and wearing a +0 plate armour (67% to hit)
You shoot an arrow. The arrow hits the orc warrior.
The orc warrior is lightly wounded.
The orc warrior barely misses you.
Fire: a) +1 shortbow
Press: ? - help, Q - select action, (/) - cycle Shift-Dir - straight line, f/p - orc warrior
Aim: an orc warrior, wielding a +1 vampiric hand axe and wearing a +0 plate armour (lightly wounded, 67% to hit)
You shoot an arrow.
The arrow hits the orc warrior but does no damage.
The orc warrior is lightly wounded.
The orc warrior hits you with a +1 vampiric hand axe!
* * * LOW HITPOINT WARNING * * *
The orc warrior draws strength from your wounds!
Aiming: Paralyse
Press: ? - help, Shift-Dir - straight line, f/p - orc warrior
Aim: an orc warrior, wielding a +1 vampiric hand axe and wearing a +0 plate armour (chance to affect: 49%)
The orc warrior resists with some effort.
The now-empty wand crumbles to dust.
The orc warrior hits you with a +1 vampiric hand axe!
You die...

.>............#,,*
*###..,,***
#.............#*,###.....***
##...........#***........,**
*##..........# ##........,,*
.###........#* #.........,,*
............####.........,,*
.........................,,*
.................).......,**
...####.........@o.).....**
...** ########...........*
...,* ####......##* ...**
*##..### ...* *#.# ...* *.#*
,,** **.* ,,* *,#* ,** *,,*


You could see an orc warrior.

Vanquished Creatures
  An ogre (D:3)
  A scorpion (D:4)
  2 jellies
  2 orc priests
  A sleepcap (D:4)
  Ijyb (D:4)
  5 adders
  4 dart slugs
  4 ribbon worms
  9 orcs
  11 endoplasms
  3 giant cockroaches
  5 goblins
  8 hobgoblins
  5 jackals
  10 kobolds
  3 quokkas
  7 ball pythons
  6 bats
  4 frilled lizards
  12 rats
104 creatures vanquished.

Notes
Turn   | Place    | Note
-------+----------+-------------------------------------------
     0 | D:1      | porpoise the Barachi Hunter began the quest for the Orb.
     0 | D:1      | Reached XP level 1. HP: 17/17 MP: 1/1
    50 | D:1      | Reached XP level 2. HP: 17/23 MP: 2/2
   163 | D:1      | Found a faded altar of an unknown god.
   326 | D:1      | Reached XP level 3. HP: 29/29 MP: 3/3
   546 | D:2      | Reached skill level 5 in Ranged Weapons
   601 | D:2      | Reached XP level 4. HP: 35/35 MP: 4/4
   728 | D:2      | You fall into a shaft and drop 1 floor!
   796 | D:2      | Got the Lessons on Doom and the Pyromaniac
  1256 | D:3      | Found a runed translucent door.
  1256 | D:3      | Noticed HilariousDeathArtist's ghost (amateur TrRe)
  1354 | D:3      | Reached XP level 5. HP: 39/42 MP: 5/5
  1425 | D:3      | Noticed an ogre
  1434 | D:3      | Killed an ogre
  1435 | D:3      | Reached skill level 6 in Ranged Weapons
  1435 | D:3      | Reached XP level 6. HP: 45/49 MP: 6/6
  1763 | D:4      | Identified the +4 ring mail of Scuffed Contentment {rC+
                  | Will- Int+2 Dex+2}
  1851 | D:4      | Reached skill level 5 in Fighting
  1935 | D:4      | Noticed Ijyb
  1947 | D:4      | Killed Ijyb
  2465 | D:5      | Entered Level 5 of the Dungeon
  2503 | D:5      | Reached skill level 7 in Ranged Weapons
  2503 | D:5      | Reached XP level 7. HP: 56/56 MP: 7/7
  2535 | D:5      | Slain by an orc warrior

Illustrated notes

Levels and vault maps discovered:
D:1:      tarquinn_simple_flora_water_a, layout_rooms,
          ebering_ecumenical_altar_webs
D:2:      minmay_evil_eye, layout_rooms, glass_columns_c, chequers_big_river,
          minmay_ruptured
D:3:      layout_basic, gammafunk_ghost_grave, grunt_decor_clamped,
          small_statue_intersection
D:4:      layout_cave_pools, minmay_bent, uniq_ijyb
D:5:      layout_cave_pods, enter_ossuary_4, portal_sewer_entry_c, uniq_menkaure

Skill      XL: |  1  2  3  4  5  6 |
---------------+-------------------+-----
Fighting       | 3 4 5 |  5.5
Ranged Weapons | 5 6 7 |  7.1
Dodging        | |  2.1
Stealth        | |  0.8

Action                     |  1- 3 |  4- 6 |  7- 9 || total
---------------------------+-------+-------+-------++-------
   Fire: Shortbow          |    81 |   239 |    10 ||   330
  Evoke: Wand              |       |       |     1 ||     1
    Use: Scroll            |       |    10 |       ||    10
 Armour: Leather armour    |    24 |    64 |       ||    88
         Ring mail         |       |     8 |     8 ||    16
  Dodge: Dodged            |    11 |    69 |     2 ||    82

Table legend: (Time is in decaauts)
 A = Elapsed time spent in this place.
 B = Non-inter-level travel time spent in this place.
 C = Inter-level travel time spent in this place.
 D = Time resting spent in this place.
 E = Time spent auto-exploring this place.
 F = Levels seen in this place.
 G = Mean time per level.
                   A        B        C        D        E       F      G
               +--------+--------+--------+--------+--------+-----+--------+
         Total |   2909 |   2804 |    105 |    422 |   1693 |   5 |  581.8 |
       Dungeon |   2909 |   2804 |    105 |    422 |   1693 |   5 |  581.8 |
               +--------+--------+--------+--------+--------+-----+--------+

Top non-repeatable levels by time:
     D:3: 940 daAuts
     D:4: 688 daAuts
     D:2: 683 daAuts
     D:1: 519 daAuts
     D:5: 77 daAuts
